AoeStats
← _Orca_

Pilgrims

507288822Analyzed
3v3 RM · 14d ago on Sep 17, 2026· 44m 55s· 6 players
Game mode
Random Map
Map size
Normal (6 player)
Population
200
Speed
Normal
Resources
Standard
Victory
Conquest
Starting age
Dark Age
Ending age
Imperial Age
RankedLock teamsTeams togetherTeam positionsShared explorationLock speedFull tech treeHidden civsTurbo modeCheats
Victory
Defeat
🇨🇳 Vikings · China
1361
+13
🇦🇷 Armenians · Argentina
1308
+15
🇳🇱 Japanese · Netherlands
1303
+15
🇧🇩 Armenians · Bangladesh
1370
-18
🇨🇳 Chinese · China
1291
-14
🇨🇳 Celts · China
1193
-11
Kez
8:36 Loom
10:50 Feudal Age
16:07 Castle Age
17:01 Medium Warships
17:45 Double-Bit Axe
20:36 Bow Saw
21:08 Fishing Lines
24:39 Wheelbarrow
24:15 Horse Collar
24:35 Town Watch
29:58 Imperial Age
28:06 Treadmill Crane
29:37 Hand Cart
29:22 Town Patrol
29:16 Fletching
29:26 Padded Archer Armor
31:27 Parthian Tactics
31:42 Bodkin Arrow
32:31 Bracer
32:47 Leather Archer Armor
32:36 Heavy Cavalry Archer
33:57 Ballistics
34:30 Thumb Ring
36:25 Chemistry
36:14 Conscription
38:24 Elite Cannon Galleon
39:37 Gillnets
39:46 Gold Mining
39:49 Stone Mining
41:06 Ring Archer Armor
45:08 Scale Mail Armor
fengyiwui
5:59 Loom
12:48 Feudal Age
13:53 Double-Bit Axe
16:54 Castle Age
14:44 Horse Collar
15:32 Fletching
15:44 Padded Archer Armor
15:41 Gold Mining
18:18 Bow Saw
18:06 Bodkin Arrow
19:11 Clinker Construction
19:58 Careening
22:17 Ballistics
22:18 Fishing Lines
24:00 Heavy Plow
31:58 Imperial Age
29:59 Leather Archer Armor
30:48 Town Watch
30:40 Elite Skirmisher
32:30 Forging
32:20 Scale Mail Armor
32:37 Fortified Wall
32:46 Bracer
33:51 Chemistry
33:12 Carvel Hull
33:13 Dry Dock
32:59 Gillnets
34:29 Two-Man Saw
34:37 Siege Engineers
34:41 Bogsveigar
35:03 Conscription
37:28 Ring Archer Armor
36:59 Scale Mail Armor
37:09 Forging
37:41 Chieftains
37:31 Gambesons
37:47 Squires
37:33 Arson
38:40 Treadmill Crane
40:15 Chain Mail Armor
40:35 Iron Casting
39:24 Elite Berserk
40:53 Crop Rotation
42:53 Man-at-Arms
44:37 Blast Furnace
44:08 Plate Mail Armor
44:12 Long Swordsman
-LN-cheperico
9:05 Loom
11:03 Feudal Age
12:30 Double-Bit Axe
15:40 Forging
15:20 Fletching
16:00 Fishing Lines
19:27 Castle Age
18:03 Scale Mail Armor
18:02 Man-at-Arms
18:28 Arson
19:12 Town Watch
18:53 Long Swordsman
20:35 Medium Warships
20:16 Gillnets
20:30 Squires
21:39 Horse Collar
22:11 Gambesons
23:11 Two-Handed Swordsman
24:40 Wheelbarrow
24:09 Gold Mining
26:11 Chain Mail Armor
26:32 Iron Casting
31:49 Imperial Age
28:56 Champion
32:32 Hand Cart
33:38 Plate Mail Armor
34:08 Blast Furnace
37:37 Bodkin Arrow
38:06 Bow Saw
38:32 Gold Shaft Mining
37:47 Stone Mining
38:03 Heavy Plow
39:15 Bracer
39:37 Ballistics
40:17 Chemistry
39:28 Masonry
39:34 Clinker Construction
40:38 Conscription
40:31 Fereters
42:01 Murder Holes
44:55 Hoardings
44:31 Cilician Fleet
44:56 Fervor
啊超
11:57 Feudal Age
17:09 Castle Age
16:58 Double-Bit Axe
19:28 Horse Collar
20:30 Medium Warships
22:35 Bow Saw
25:02 Loom
33:35 Imperial Age
32:56 Gold Mining
32:57 Stone Mining
33:46 Capped Ram
37:26 Furor Celtica
37:08 Heavy Scorpion
39:20 Forging
39:10 Scale Mail Armor
40:26 Gold Shaft Mining
42:39 Chemistry
41:59 Ballistics
_Orca_
5:36 Loom
10:59 Feudal Age
11:46 Double-Bit Axe
14:09 Fletching
16:15 Fishing Lines
22:16 Castle Age
22:00 Stone Mining
22:01 Gold Mining
21:54 Horse Collar
23:54 Wheelbarrow
23:05 Town Watch
25:48 Man-at-Arms
26:15 Gambesons
26:30 Squires
26:16 Arson
27:00 Long Swordsman
27:42 Scale Mail Armor
28:23 Two-Handed Swordsman
30:17 Bow Saw
30:11 Heavy Plow
31:10 Chain Mail Armor
31:52 Champion
33:08 Hand Cart
38:12 Imperial Age
36:17 Forging
36:36 Bodkin Arrow
37:34 Gold Shaft Mining
39:03 Fereters
39:19 Conscription
40:33 Plate Mail Armor
40:38 Iron Casting
LY
5:54 Loom
14:14 Feudal Age
20:01 Castle Age
18:28 Double-Bit Axe
19:23 Stone Mining
20:03 Gold Mining
20:21 Fletching
21:04 Town Watch
22:29 Bow Saw
24:04 Bodkin Arrow
31:43 Stone Shaft Mining
33:16 Horse Collar
35:30 Heavy Plow
Connection lost

Rejoining the realm…

Still unreachable

The connection could not be restored.

Session expired

The server has moved on; the page needs a fresh start.